 Dungeon Crawl Stone Soup version 0.22-a0-448-g1fb7470 (webtiles) character file.

623 galech the Skirmisher (level 7, -2/76 HPs)
             Began as an Ogre Berserker on June 4, 2018.
             Was a Believer of Trog.
             Slain by a sky beast (5 damage)
             ... on level 5 of the Dungeon.
             The game lasted 00:04:37 (4454 turns).

galech the Skirmisher (Ogre Berserker)              Turns: 4454, Time: 00:04:39

Health: -2/76      AC:  3    Str: 24    XL:     7   Next: 46%
Magic:  7/7        EV: 11    Int:  8    God:    Trog [**....]
Gold:   255        SH:  0    Dex:  8    Spells: 6/6 levels left

rFire    . . .     SeeInvis .   a - +0 mace
rCold    . . .     Gourm    .   (no shield)
rNeg     . . .     Faith    .   b - +0 animal skin
rPois    .         Spirit   .   (helmet restricted)
rElec    .         Reflect  .   (no cloak)
rCorr    .         Harm     .   (gloves unavailable)
MR       ++...                  (boots unavailable)
Stlth    +.........             (no amulet)
HPRegen  1.22/turn              (no ring)
MPRegen  0.10/turn              (no ring)

@: regenerating
A: large, unfitting armour, tough skin 1
a: Berserk, Trog's Hand, Renounce Religion


You were on level 5 of the Dungeon.
You worshipped Trog.
Trog was pleased with you.
You were hungry.

You visited 1 branch of the dungeon, and saw 5 of its levels.

You collected 255 gold pieces.

Inventory:

Hand Weapons
 a - a +0 mace (weapon)
 m - a cursed -1 giant spiked club
Armour
 b - a +0 animal skin (worn)
Jewellery
 q - an uncursed ring of flight {unknown}
Scrolls
 e - 3 scrolls of fog {unknown}
 f - 3 scrolls of identify {unknown}
 h - 2 scrolls of random uselessness {unknown}
 i - a scroll of enchant armour {unknown}
 r - a scroll of remove curse {unknown}
 s - a scroll of blinking {unknown}
Potions
 d - a potion of heal wounds {unknown}
 g - a potion of haste {unknown}
 j - a potion of curing {unknown}
 k - a potion of mutation {unknown}
 l - a potion of brilliance {unknown}
 n - a potion of ambrosia {unknown}
 p - a potion of resistance {unknown}
Comestibles
 c - 8 rations
 o - 2 chunks of flesh


   Skills:
 + Level 6.3 Fighting
 + Level 5.6 Maces & Flails
 + Level 4.3 Dodging
 + Level 1.3 Stealth


You had 6 spell levels left.
You didn't know any spells.
Your spell library was empty.

Dungeon Overview and Level Annotations

Branches:
Dungeon (5/15)             Temple (0/1) D:4

Altars:
Dithmenos
Gozag
Sif Muna
Vehumet


Innate Abilities, Weirdness & Mutations

You are too large for most types of armour.
You have tough skin. (AC +1)


Message History

* * * LOW HITPOINT WARNING * * *
You closely miss the sky beast.
The sky beast is heavily wounded.
The sky beast hits you but does no damage.
You closely miss the sky beast.
The sky beast is heavily wounded.
The sky beast misses you.
You closely miss the sky beast.
The sky beast is heavily wounded.
The sky beast hits you.
* * * LOW HITPOINT WARNING * * *
The sky beast shocks you.
* * * LOW HITPOINT WARNING * * *
Your skin crawls.
You feel resistant to hostile enchantments.
You are feeling hungry.
The sky beast hits you.
* * * LOW HITPOINT WARNING * * *
The sky beast shocks you.
You die...

#.###.#.# #
#.###.#.#
#.......#
#####.### #.#
#### #.#
.....## #.#
#...########.#
#..>..Y@.....#
#...##########
##.# ##


You could see a sky beast.

Vanquished Creatures
  3 ogres (D:4)
  The ghost of Blackrapter the Slasher, an amateur DsFi (D:3)
  A crimson imp (D:5)
  A centaur zombie (D:5)
  2 hounds
  A bullfrog skeleton (D:4)
  Terence (D:2)
  A worker ant (D:4)
  2 adders (D:2)
  An adder skeleton (D:4)
  A worm (D:2)
  A dart slug (D:2)
  4 leopard geckos
  An orc (D:4)
  4 bats
  2 giant cockroaches
  13 goblins
  5 hobgoblins
  6 kobolds
  3 quokkas
  2 frilled lizards (D:1)
  4 rats
60 creatures vanquished.

Notes
Turn   | Place    | Note
-------+----------+-------------------------------------------
     0 | D:1      | galech the Ogre Berserker began the quest for the Orb.
     0 | D:1      | Reached XP level 1. HP: 24/24 MP: 1/1
   270 | D:1      | Reached XP level 2. HP: 30/32 MP: 2/2
  1058 | D:2      | Reached XP level 3. HP: 15/40 MP: 3/3
  1356 | D:2      | Noticed Terence
  1369 | D:2      | Killed Terence
  1369 | D:2      | Reached XP level 4. HP: 49/49 MP: 4/4
  1543 | D:2      | Found a shadowy altar of Dithmenos.
  1711 | D:2      | Reached ** piety under Trog
  1998 | D:3      | Noticed Blackrapter's ghost (amateur DsFi)
  2014 | D:3      | Killed Blackrapter's ghost
  2014 | D:3      | Reached skill level 5 in Fighting
  2014 | D:3      | Reached XP level 5. HP: 43/57 MP: 5/5
  2447 | D:3      | Found an opulent altar of Gozag.
  3120 | D:4      | Found a staircase to the Ecumenical Temple.
  3163 | D:4      | Reached XP level 6. HP: 55/66 MP: 6/6
  3426 | D:4      | Found a deep blue altar of Sif Muna.
  3431 | D:4      | Found a radiant altar of Vehumet.
  3458 | D:4      | Reached skill level 5 in Maces & Flails
  3458 | D:4      | Reached skill level 1 in Stealth
  3933 | D:4      | Reached skill level 6 in Fighting
  3933 | D:4      | Reached XP level 7. HP: 23/75 MP: 7/7
  4341 | D:5      | Entered Level 5 of the Dungeon
  4454 | D:5      | HP: 3/76 [sky beast (4)]
  4454 | D:5      | Slain by a sky beast

Vault maps used:
D:1:      dpeg_arrival_stone_temple_mockup, minmay_misc_feat_nine_boxes
D:2:      nicolae_dithmenos_shadow_blocks, serial_glass, glass_columns_a,
          glass_columns_a, grunt_decor_fettered, uniq_terence
D:3:      cheibrodos_greedy_goblins, nicolae_gozag_seed_capital
D:4:      kennysheep_mini_moat, fiery_altar_vehumet,
          minmay_temple_entry_statues, first_ration
D:5:      lemuel_crystal_altar, serial_shops, nicolae_shop_waterfront,
          enter_ossuary_5, lightli_corner_chamber

Skill      XL: |  1  2  3  4  5  6 |
---------------+-------------------+-----
Maces & Flails | 3 4 5 |  5.6
Dodging        | 3 4 |  4.3
Fighting       | 5 6 |  6.3
Stealth        | 1 |  1.3

Action                   |  1- 3 |  4- 6 |  7- 9 || total
-------------------------+-------+-------+-------++-------
Melee: Mace              |    63 |   120 |    44 ||   227
Invok: Berserk           |     1 |     4 |       ||     5
       Trog's Hand       |       |     1 |     1 ||     2
  Eat: Chunk             |     1 |     6 |     2 ||     9
       Ration            |       |     2 |       ||     2
Armor: Animal skin       |    18 |    25 |    13 ||    56
Dodge: Dodged            |    34 |    72 |    21 ||   127

Table legend:
 A = Spawn XP
 B = Non-spawn XP
 C = Spawn XP percentage of total XP
 D = Spawn monster count
 E = Non-spawn monster count
 F = Spawn count percentage of total count
 G = Total turns spent on level
                    A         B        C        D         E        F      G
               +---------+---------+-------+---------+---------+-------+---------
         Total |       0 |     890 |   0.0 |       0 |      60 |   0.0 |  4454
               +---------+---------+-------+---------+---------+-------+---------
           D:1 |       0 |      28 |   0.0 |       0 |      16 |   0.0 |  1005
           D:2 |       0 |      94 |   0.0 |       0 |      17 |   0.0 |   973
           D:3 |       0 |     140 |   0.0 |       0 |      14 |   0.0 |  1123
           D:4 |       0 |     490 |   0.0 |       0 |       9 |   0.0 |  1240
           D:5 |       0 |     138 |   0.0 |       0 |       4 |   0.0 |   113
               +---------+---------+-------+---------+---------+-------+---------
